Map: Tours du crépuscule

Players

Worming

  • Race: Zerg Zerg
  • League: Diamond

emkaY - Winner!

  • Race: Zerg Zerg
  • League: Platinum

VOD

Have the link to the VOD?

Description

Time

  • Played on: Nov. 12, 2015, 2:06 p.m.
  • Length: 4:48
Show
View Real Time Build Order
Export as new Build Order

Worming Zerg 

Build Orders: Hatch First, Zergling Baneling 

Get SALT Encoding   

  12  0:01  Drone  
  13  0:12  Overlord  
  13  0:17  Drone  
  14  0:31  Drone x2  
  14  0:34  Drone  
  17  0:55  Drone, Hatchery  
  17  0:59  Drone  
  18  1:05  Extractor  
  17  1:13  Spawning Pool  
  17  1:17  Drone  
  17  1:20  Drone  
  18  1:28  Drone  
  19  1:40  Drone  
  20  1:49  Overlord  
  20  2:00  Queen  
  22  2:07  Queen  
  22  2:08  Metabolic Boost, Zergling x4  
  26  2:12  Drone  
  27  2:21  Drone  
  28  2:24  Drone  
  29  2:31  Drone  
  30  2:43  Baneling Nest  
  29  2:49  Queen  
  29  2:51  Overlord  
  31  2:52  Drone x3  
  34  3:05  Overlord  
  34  3:06  Zergling x4  
  34  3:25  Roach Warren  
  33  3:28  Lair  
  33  3:30  Baneling  
  33  3:31  Baneling  
  33  3:35  Hatchery  
  33  3:40  Drone x3  
  33  3:41  Drone  
  35  3:50  Baneling  
  35  4:00  Spine Crawler  
  35  4:01  Zergling x10  
  35  4:02  Zergling x2  
  38  4:09  Queen  
  37  4:22  Baneling  
  37  4:23  Baneling x4  
  37  4:24  Roach  
  37  4:25  Zergling x4  
Show
View Real Time Build Order
Export as new Build Order

emkaY Zerg - Winner!

Build Orders: Hatch First, Zergling Baneling 

Get SALT Encoding   

  12  0:00  Drone  
  13  0:10  Drone  
  14  0:20  Overlord  
  14  0:25  Drone, Extractor  
  15  0:47  Hatchery  
  15  0:50  Drone  
  15  0:54  Extractor  
  14  1:07  Spawning Pool  
  14  1:10  Drone  
  14  1:15  Drone  
  15  1:18  Drone  
  15  1:24  Drone  
  17  1:32  Drone  
  18  1:44  Drone  
  19  1:54  Metabolic Boost  
  19  1:55  Queen  
  19  1:58  Zergling x2  
  22  2:03  Drone  
  22  2:06  Drone  
  24  2:12  Queen  
  26  2:19  Overlord  
  26  2:22  Drone  
  27  2:27  Drone  
  28  2:38  Drone  
  28  2:39  Drone x2  
  31  2:44  Zergling x2  
  31  2:48  Zergling x2  
  33  2:53  Zergling x2  
  34  3:00  Overlord  
  33  3:08  Baneling Nest  
  33  3:09  Zergling x8  
  36  3:18  Overlord x2  
  36  3:23  Zergling x4  
  38  3:28  Zergling x4  
  38  3:29  Zergling x2  
  41  3:40  Zergling x10  
  46  3:47  Zergling x2  
  46  3:51  Zergling x2  
  46  3:57  Zergling x8  
  48  4:12  Zergling x2  
  48  4:13  Zergling x2  
  48  4:16  Zergling x2  
  50  4:17  Baneling x2  
  50  4:18  Baneling  
  50  4:21  Baneling x4  
  50  4:22  Zergling x2  
  50  4:27  Zergling x2  
  51  4:32  Baneling x2  
Tags
 
Add a new tag
Caveats
  • Supply blocks, unpowered buildings, or Contaminate may cause inaccurate times.
  • Supply counts are checked every 10 seconds.